 Dungeon Crawl Stone Soup version 0.30-a0-311-gf115ab0 (webtiles) character file.

Game seed: 8663867259274701951

221 Sixotanaka the Slasher (level 5, -3/41 HPs)
             Began as a Barachi Fighter on Oct 25, 2022.
             Killed from afar by an orc wizard (6 damage)
             ... with a magic dart
             ... on level 4 of the Dungeon.
             The game lasted 00:04:29 (2109 turns).

Sixotanaka the Slasher (Barachi Fighter)            Turns: 2109, Time: 00:04:30

Health: -3/41      AC:  8    Str: 18    XL:     5   Next: 98%
Magic:  5/5        EV:  9    Int:  8    God:
Gold:   163        SH:  0    Dex: 13    Spells: 4/4 levels left

rFire   . . .      SeeInvis +    a - +0 long sword
rCold   . . .      Faith    .    c - +0 buckler
rNeg    . . .      Spirit   .    s - +0 scale mail
rPois   .          Reflect  .    (no helmet)
rElec   .          Harm     .    g - +0 cloak
rCorr   .          Rampage  .    (no gloves)
Will    .....                    (no boots)
Stlth   ..........               (no amulet)
HPRegen 0.26/turn                p - ring of wizardry
MPRegen 0.09/turn                t - ring of see invisible

@: confused, invisible, slow
A: amphibious, slowness 1, strong legs 1, +LOS
a: Hop


You were on level 4 of the Dungeon.
You visited 1 branch of the dungeon, and saw 4 of its levels.

You collected 163 gold pieces.

Inventory:

Hand Weapons
 a - a +0 long sword (weapon)
 b - a +0 dagger of venom
Armour
 c - a +0 buckler (worn)
 g - a +0 cloak (worn)
 s - a +0 scale mail (worn)
Jewellery
 i - a ring of fire
 p - a ring of wizardry (left hand)
 t - a ring of see invisible (right hand)
Scrolls
 f - a scroll of vulnerability
 h - a scroll of identify
 j - a scroll of enchant weapon
 l - a scroll of immolation
 m - a scroll of silence {unknown}
 n - a scroll of teleportation {unknown}
 q - a scroll of enchant armour {unknown}
 r - a scroll of magic mapping {unknown}
 u - a scroll of fear {unknown}
Potions
 d - a potion of might
 e - a potion of berserk rage {unknown}
 k - a potion of invisibility
 o - a potion of heal wounds {unknown}


   Skills:
 - Level 3.6 Fighting
 + Level 7.2 Long Blades
 - Level 3.6 Armour
 - Level 3.2 Shields


You had 4 spell levels left.
You didn't know any spells.
Your spell library contained the following spells:

 Spells                   Type           Power      Damage    Failure   Level
 Necrotise                Necr           0%         1d4       54%         1
 Vampiric Draining        Necr           0%         2d6       88%         3
 Agony                    Necr           0%         N/A       100%        5


Dungeon Overview and Level Annotations

Branches:
Dungeon (4/15)
 Temple: D:4-7

Altars:
Makhleb

Annotations:
D:3 Grinder
D:4 2 transporters, Radamante's ghost, amateur HOFi


Innate Abilities, Weirdness & Mutations

You are amphibious.
You cover ground slowly.
You can hop short distances.
You have an extended range of vision and can be seen from far away.


Message History

You barely resist. You block the orc wizard's attack.
The orc priest mumbles some strange prayers to Beogh against you.
Beogh smites you!
You closely miss the orc priest.
The orc priest is almost dead.
The orc priest hits you with a +0 short sword.
The orc barely misses you.
You hit the orc priest but do no damage.
The orc priest is almost dead.
The orc priest invokes the aid of Beogh against you.
Pain shoots through your body! The orc hits you with a +0 dagger.
You barely miss the orc priest.
The orc priest is almost dead.
The orc priest hits you but does no damage.
You block the orc's attack.
You closely miss the orc priest.
The orc priest is almost dead.
The orc priest calls down the wrath of Beogh upon you.
Pain shoots through your body!
* * * LOW HITPOINT WARNING * * *
The orc hits you with a +0 dagger.
* * * LOW HITPOINT WARNING * * *
You hit the orc priest.
You kill the orc priest!
Your Long Blades skill increases to level 7!
The orc wizard casts a spell at you. You resist with some effort.
The orc wizard casts a spell at you.
You are confused.
Okay, then.
You are too confused!
Unknown command.
It was a potion of invisibility.
You fade into invisibility!
Unknown command.
You are too confused!
You're too confused to move!
The orc wizard casts a spell at you. The magic dart hits you.
You die...

#.#$.=#8.P#P.P#.## .#
..'$.:#⌠©.....+.. ~..#
#.#$gW#8.P#P.P#.# ≈..#
#g######+###+##.# ≈≈..#
#...g........g..###≈≈..#
..###g#####g###... ≈≈..#
#g#.###.©.###.#g# #≈≈..#
###..........o#####≈≈..#
≈≈≈≈≈≈≈...≈≈≈≈≈≈@≈≈≈≈..#
≈≈≈≈≈≈≈...≈≈≈≈≈≈≈≈≈≈≈..#
..............)ooo..:..#
####################...#
####


You could see an orc wizard (invisible) and 3 orcs.

Vanquished Creatures
  A bullfrog (D:4)
  A jelly (D:3)
  An orc priest (D:4)
  Terence (D:2)
  3 adders
  A dart slug (D:1)
  An orc (D:3)
  4 ball pythons
  6 endoplasms
  A giant cockroach (D:2)
  A hobgoblin (D:1)
  2 jackals (D:1)
  A kobold (D:2)
  A quokka (D:2)
  6 bats
  2 frilled lizards
  7 goblins
  A rat (D:1)
41 creatures vanquished.

Notes
Turn   | Place    | Note
-------+----------+-------------------------------------------
     0 | D:1      | Sixotanaka the Barachi Fighter began the quest for the Orb.
     0 | D:1      | Reached XP level 1. HP: 18/18 MP: 1/1
    50 | D:1      | Reached skill level 3 in Long Blades
    55 | D:1      | Reached XP level 2. HP: 24/24 MP: 2/2
   685 | D:1      | Reached skill level 4 in Long Blades
   943 | D:2      | Noticed Terence
  1008 | D:2      | Reached XP level 3. HP: 23/29 MP: 3/3
  1124 | D:2      | Killed Terence
  1356 | D:2      | Found a burning altar of Makhleb.
  1385 | D:2      | Reached skill level 5 in Long Blades
  1617 | D:3      | Reached XP level 4. HP: 36/36 MP: 4/4
  1791 | D:3      | Noticed Grinder
  1838 | D:3      | Reached skill level 6 in Long Blades
  1920 | D:3      | Reached XP level 5. HP: 39/41 MP: 5/5
  2062 | D:4      | Found a transporter.
  2064 | D:4      | Noticed Radamante's ghost (amateur HOFi)
  2066 | D:4      | Found a transporter.
  2099 | D:4      | HP: 2/41 [orc priest/nerve-wracking pain (12)]
  2101 | D:4      | Reached skill level 7 in Long Blades
  2109 | D:4      | Killed from afar by an orc wizard

Illustrated notes

Levels and vault maps discovered:
D:1:      dpeg_arrival_rooms_with_view, layout_basic, minmay_circled_x
D:2:      layout_basic, basic_altar, chequers_serial_rivers_marsh, st_stairs_11,
          uniq_terence
D:3:      layout_basic, mainiacjoe_overflow_small_starburst, uniq_grinder
D:4:      layout_loops_ring, minmay_temple_entry_arrows,
          gammafunk_ghost_gnarly_gnolls

Skill      XL: |  1  2  3  4  5 |
---------------+----------------+-----
Long Blades    | 3 4 5 6 7 |  7.2
Fighting       | |  3.6
Armour         | |  3.6
Shields        | |  3.2

Action                   |  1- 3 |  4- 6 || total
-------------------------+-------+-------++-------
Melee: Long sword        |   112 |    62 ||   174
       Dagger            |       |     7 ||     7
 Abil: Hop               |       |     1 ||     1
  Use: Scroll            |       |     3 ||     3
       Potion            |       |     1 ||     1
Armor: Scale mail        |    77 |    41 ||   118
Dodge: Dodged            |    58 |    24 ||    82
Block: Buckler           |    29 |    15 ||    44

Table legend: (Time is in decaauts)
 A = Elapsed time spent in this place.
 B = Non-inter-level travel time spent in this place.
 C = Inter-level travel time spent in this place.
 D = Time resting spent in this place.
 E = Time spent auto-exploring this place.
 F = Levels seen in this place.
 G = Mean time per level.
                   A        B        C        D        E       F      G
               +--------+--------+--------+--------+--------+-----+--------+
         Total |   2446 |   2323 |    123 |    275 |   1473 |   4 |  611.5 |
       Dungeon |   2446 |   2323 |    123 |    275 |   1473 |   4 |  611.5 |
               +--------+--------+--------+--------+--------+-----+--------+

Top non-repeatable levels by time:
     D:1: 1162 daAuts
     D:2: 770 daAuts
     D:3: 330 daAuts
     D:4: 182 daAuts
